 Dungeon Crawl Stone Soup version 0.31-a0-152-g6aa68a64a1 (webtiles) character file.

Game seed: 13822823637698340377

21526 Kenran the Carver (level 13, -27/162 HPs)
             Began as a Human Berserker on June 11, 2023.
             Was an Elder of Trog.
             Annihilated by an enormous slime creature (55 damage)
             ... on level 11 of the Dungeon.
             The game lasted 00:20:15 (13163 turns).

Kenran the Carver (Human Berserker)                Turns: 13163, Time: 00:20:16

Health: -27/162    AC: 17    Str: 29    XL:     13   Next: 20%
Magic:  13/13      EV: 22    Int:  5    God:    Trog [****..]
Gold:   817        SH:  8    Dex: 17    Spells: 12/12 levels left

rFire   + + .        v - +9 flail "Ynoppin" {freeze, rF+ rC+ Str+4}
rCold   + + +        i - +2 buckler
rNeg    . . .        l - +1 ring mail {rC+}
rPois   .            D - +0 helmet
rElec   .            t - scarf {rC+ rF+}
rCorr   .            s - +1 pair of gloves
SInv    .            y - +2 pair of boots
Will    .....        (no amulet) Stlth
                     R - +4 ring of protection
HPRegen 0.47/turn    M - ring "Oturidgh" {EV+5 Str+7 Int-3}
MPRegen 0.13/turn

%: no passive effects
@: berserking (expiring), studying Throwing, very quick
A: no striking features
a: Renounce Religion, Berserk, Trog's Hand, Brothers in Arms


You were on level 11 of the Dungeon.
You worshipped Trog.
Trog was greatly pleased with you.
You visited 1 branch of the dungeon, and saw 11 of its levels.
You also visited: Ice Cave.

You collected 897 gold pieces.
You spent 80 gold pieces at shops.

Inventory:

Hand Weapons
 v - the +9 flail "Ynoppin" (weapon) {freeze, rF+ rC+ Str+4}
   (You found it on level 6 of the Dungeon)

   Str:       It affects your strength (+4).
   rF:        It protects you from fire.
   rC:        It protects you from cold.
 L - a +3 long sword of protection
 N - the +8 Vampire's Tooth {megavamp}
   (You found it on level 9 of the Dungeon)
Missiles
 z - 3 boomerangs of dispersal
Armour
 i - a +2 buckler (worn)
 l - a +1 ring mail of cold resistance (worn)
 s - a +1 pair of gloves (worn)
 t - a scarf of resistance (worn)
 y - a +2 pair of boots (worn)
 D - a +0 helmet (worn)
Jewellery
 n - a ring of positive energy
 M - the ring "Oturidgh" (right hand) {EV+5 Str+7 Int-3}
   (You found it on level 9 of the Dungeon)

   [ring of evasion]

   EV:        It affects your evasion (+5).
   Str:       It affects your strength (+7).
   Int:       It affects your intelligence (-3).
 R - a +4 ring of protection (left hand)
Wands
 a - a wand of flame (6)
 x - a wand of paralysis (8)
 F - a wand of roots (12)
 O - a wand of mindburst (4)
 Q - a wand of light (3)
Scrolls
 b - 3 scrolls of magic mapping
 d - 8 scrolls of teleportation
 j - 3 scrolls of vulnerability {!r}
 k - a scroll of enchant weapon
 m - 4 scrolls of fear
 q - a scroll of fog
 r - 4 scrolls of poison {!r}
 u - 5 scrolls of blinking {unknown}
 C - a scroll of brand weapon
 I - 2 scrolls of immolation {unknown}
Potions
 c - a potion of attraction {!q}
 e - 3 potions of mutation {!q}
 f - a potion of might {unknown}
 h - a potion of lignification {!q}
 o - a potion of brilliance {unknown}
 p - 2 potions of curing {unknown}
 w - 2 potions of ambrosia {unknown}
 A - a potion of invisibility {unknown}
 B - a potion of magic {unknown}
 E - a potion of cancellation {unknown}
 G - 2 potions of resistance {unknown}
 H - 2 potions of haste {unknown}
 J - 2 potions of degeneration {unknown}
 P - a potion of heal wounds {@q2}
Miscellaneous
 K - a piece from Xom's chessboard (15/15)


   Skills:
 - Level 12.0 Fighting
 - Level 12.4 Long Blades
 - Level 5.0 Armour
 + Level 10.3 Dodging
 - Level 5.0 Shields
 - Level 5.0 Evocations


You had 12 spell levels left.
You didn't know any spells.
Your spell library was empty.

Dungeon Overview and Level Annotations

Branches:
Dungeon (11/15)            Temple (0/1) D:7            Lair (0/5) D:9
  IceCv (visited)
    Orc: D:9-12

Altars:
Cheibriados
Dithmenos
Elyvilon
Fedhas
Gozag
Hepliaklqana
Makhleb
Nemelex Xobeh
Qazlal
Sif Muna
Trog
Vehumet
Wu Jian
Yredelemnul
Zin
The Shining One

Shops:
D:3 *   D:10 (

Annotations:
D:3 Grinder
D:10 3 runed translucent doors, exclusion: obsidian statue, Kenran's ghost, journeyman HuBe
D:11 exclusion: statue


Message History

You block the very large slime creature's attack.
Two slime creatures merge to form an enormous slime creature.
You bludgeon the enormous slime creature!!
You freeze the enormous slime creature.
The enormous slime creature is lightly wounded.
You thump the enormous slime creature! You freeze the enormous slime creature!
The enormous slime creature is moderately wounded.
You bludgeon the enormous slime creature!!
You freeze the enormous slime creature.
The enormous slime creature is heavily wounded.
The enormous slime creature completely misses you.
You bludgeon the enormous slime creature!!
You freeze the enormous slime creature.
The enormous slime creature is heavily wounded.
You sock the enormous slime creature! You freeze the enormous slime creature.
The enormous slime creature is heavily wounded.
The enormous slime creature hits you!!!!
You are too injured to fight recklessly!
You are too injured to fight recklessly!
You are too injured to fight recklessly!
You thump the enormous slime creature! You freeze the enormous slime creature.
The enormous slime creature is severely wounded.
The enormous slime creature closely misses you.
You are too injured to fight recklessly!
You sock the enormous slime creature! You freeze the enormous slime creature.
The enormous slime creature is severely wounded.
The enormous slime creature hits you!!
* * * LOW HITPOINT WARNING * * *
You bludgeon the enormous slime creature!!
You freeze the enormous slime creature.
The enormous slime creature is severely wounded.
The enormous slime creature misses you.
You barely miss the enormous slime creature.
The enormous slime creature is severely wounded.
The enormous slime creature completely misses you.
You bludgeon the enormous slime creature!!
You freeze the enormous slime creature.
The enormous slime creature is almost dead.
The enormous slime creature hits you!!!
You die...

.............~~~##########.#
[.............~............######
.....JJJ.J.......................
..........D..#### ####..........
###########..# #...####### #.T#
#...# #..# #...#
#..##########...#####
#...DJ@........>...^#
#####################


You could see an enormous slime creature and an acid dragon.

Vanquished Creatures
  A reaper (IceCv)
  Snorg (D:10)
  Josephine (D:10)
  A hydra (D:10)
  2 two-headed ogres
  A boulder beetle (D:11)
  Lodul (D:10)
  A deep elf pyromancer (D:10)
  3 cyclopes
  2 ice statues (IceCv)
  A yaktaur (D:9)
  5 ice devils (IceCv)
  6 anaconda simulacra (IceCv)
  4 trolls
  A polar bear (D:11)
  Prince Ribbit (D:5)
  A slime creature (D:11)
  7 wraiths
  2 shadows
  6 yaks
  2 wyverns (D:9)
  A dire elephant simulacrum (IceCv)
  Grum (D:8)
  6 vampire mosquitoes
  A steam dragon (D:8)
  A death yak simulacrum (IceCv)
  A harpy simulacrum (IceCv)
  2 acid dragons
  2 hydra simulacra (IceCv)
  A water moccasin (D:7)
  A sky beast (D:6)
  4 ice beasts
  4 orc warriors
  4 wolves
  9 ogres
  7 centaurs
  6 kobold brigands
  2 gnoll sergeants
  2 bullfrogs
  2 scorpions
  A two-headed ogre simulacrum (IceCv)
  A cane toad simulacrum (IceCv)
  15 wights
  A vampire bat (D:9)
  10 killer bees
  2 electric eels (D:11)
  4 howler monkeys
  7 hounds
  2 orc priests
  A gnoll bouda (D:7)
  An iron imp (D:8)
  2 jellies
  A sleepcap (D:5)
  5 iguanas
  6 orc wizards
  A troll simulacrum (IceCv)
  A polar bear simulacrum (IceCv)
  A boggart simulacrum (D:11)
  7 adders
  13 gnolls
  A naga simulacrum (IceCv)
  A shadow imp (D:7)
  16 white imps
  An ufetubus (D:11)
  A worm (D:2)
  2 dart slugs
  11 orcs
  14 bats
  8 endoplasms
  2 giant cockroaches
  8 goblins
  6 hobgoblins
  17 kobolds
  4 quokkas
  7 ball pythons
  4 frilled lizards
  10 rats
302 creatures vanquished.

Notes
Turn   | Place    | Note
-------+----------+-------------------------------------------
     0 | D:1      | Kenran the Human Berserker began the quest for the Orb.
     0 | D:1      | Reached XP level 1. HP: 18/18 MP: 1/1
   162 | D:1      | Reached XP level 2. HP: 23/24 MP: 2/2
   509 | D:1      | Reached XP level 3. HP: 28/29 MP: 3/3
  1188 | D:2      | Found a glowing silver altar of Zin.
  1662 | D:3      | Reached ** piety under Trog
  1681 | D:3      | Reached XP level 4. HP: 35/35 MP: 4/4
  1708 | D:3      | Reached skill level 5 in Long Blades
  1866 | D:3      | Reached XP level 5. HP: 41/41 MP: 5/5
  2000 | D:3      | Found Wompoj's Assorted Antiques.
  2008 | D:3      | Bought a scroll labelled KUIMIA ZOTHRI for 20 gold pieces
  2008 | D:3      | Bought 3 scrolls labelled BEKLIRESOA for 60 gold pieces
  2301 | D:3      | Found a shimmering blue altar of Sif Muna.
  2551 | D:4      | Noticed Grinder
  2583 | D:4      | Noticed a kobold brigand
  2763 | D:4      | Found a sparkling altar of Nemelex Xobeh.
  2783 | D:4      | Noticed an ogre
  2789 | D:4      | Killed an ogre
  2790 | D:4      | Reached XP level 6. HP: 47/47 MP: 6/6
  2967 | D:4      | Reached XP level 7. HP: 28/52 MP: 7/7
  3235 | D:5      | Entered Level 5 of the Dungeon
  3387 | D:5      | Noticed Prince Ribbit
  3424 | D:5      | Killed Prince Ribbit
  3688 | D:5      | Reached XP level 8. HP: 43/58 MP: 8/8
  4005 | D:5      | Found a burning altar of Makhleb.
  4081 | D:5      | Found an opulent altar of Gozag.
  4408 | D:5      | Reached skill level 10 in Long Blades
  4729 | D:6      | Identified the +9 flail "Ynoppin" {freeze, rF+ rC+ Str+4}
  4768 | D:6      | Reached *** piety under Trog
  4792 | D:6      | Reached skill level 5 in Fighting
  4793 | D:6      | Reached XP level 9. HP: 49/68 MP: 9/9
  4923 | D:6      | Identified the +6 flail of the Fray {drain, rElec}
  4962 | D:6      | Found a blossoming altar of Fedhas.
  5230 | D:6      | Found an ornate altar of the Wu Jian Council.
  5258 | D:6      | Reached skill level 1 in Evocations
  5790 | D:7      | Found a staircase to the Ecumenical Temple.
  6069 | D:7      | Reached skill level 5 in Dodging
  6146 | D:7      | Reached skill level 1 in Shields
  6629 | D:7      | Reached XP level 10. HP: 76/76 MP: 10/10
  6870 | D:7      | Found a bloodstained altar of Trog.
  6875 | D:7      | Found a shadowy altar of Dithmenos.
  6878 | D:7      | Found a stormy altar of Qazlal.
  6886 | D:7      | Found a glowing silver altar of Zin.
  6892 | D:7      | Found a white marble altar of Elyvilon.
  7026 | D:8      | Found a radiant altar of Vehumet.
  7234 | D:8      | Found a hazy altar of Hepliaklqana.
  7251 | D:8      | Reached skill level 5 in Shields
  7570 | D:8      | Found a snail-covered altar of Cheibriados.
  7627 | D:8      | Found a glowing golden altar of the Shining One.
  7712 | D:8      | Noticed Grum
  7725 | D:8      | Killed Grum
  7725 | D:8      | Reached **** piety under Trog
  8106 | D:9      | Identified the +0 leather armour of the Blushing Gods
                  | {Dex+3}
  8710 | D:9      | Found a staircase to the Lair.
  8742 | D:9      | Reached XP level 11. HP: 74/81 MP: 11/11
  8842 | D:9      | Noticed a two-headed ogre
  8851 | D:9      | Killed a two-headed ogre
  8899 | D:9      | Found a basalt altar of Yredelemnul.
  9256 | D:9      | Noticed a cyclops
  9266 | D:9      | Killed a cyclops
  9271 | D:9      | Found the +8 Vampire's Tooth {megavamp}
  9373 | D:9      | Identified the ring "Oturidgh" {EV+5 Str+7 Int-3}
  9378 | D:9      | Identified the staff of death "Lunnorus" {Fly rN+ Will+
                  | Str+2 Dex+2}
  9599 | D:10     | Entered Level 10 of the Dungeon
  9599 | D:10     | Found Acwa's Antique Weapon Shop.
  9658 | D:10     | Noticed Lodul
  9685 | D:10     | Killed Lodul
  9784 | D:10     | Noticed a deep elf pyromancer
  9796 | D:10     | Reached ***** piety under Trog
  9810 | D:10     | Noticed a four-headed hydra
  9820 | D:10     | Killed a four-headed hydra
  9822 | D:10     | Reached skill level 10 in Fighting
  9822 | D:10     | Reached XP level 12. HP: 43/97 MP: 12/12
 10180 | D:10     | Noticed Josephine
 10194 | D:10     | Killed Josephine
 10482 | D:10     | Found a runed translucent gate.
 10482 | D:10     | Found a runed translucent gate.
 10482 | D:10     | Found an opulent altar of Gozag.
 10482 | D:10     | Found a runed translucent gate.
 10484 | D:10     | Noticed a catoblepas
 10484 | D:10     | Noticed Kenran's ghost (journeyman HuBe)
 10484 | D:10     | Noticed a two-headed ogre
 10484 | D:10     | Noticed a centaur warrior
 10518 | D:10     | Noticed a two-headed ogre
 10527 | D:10     | Killed a two-headed ogre
 10528 | D:10     | Reached skill level 5 in Evocations
 10704 | D:10     | Noticed Snorg
 10716 | D:10     | Killed Snorg
 10717 | D:10     | Reached skill level 5 in Armour
 11041 | D:11     | Received a gift from Trog
 11232 | D:11     | Noticed a boulder beetle
 11270 | D:11     | HP: 1/99 [boulder beetle (10)]
 11276 | D:11     | Killed a boulder beetle
 11399 | D:11     | Found a frozen archway.
 11429 | IceCv    | Entered an ice cave
 12311 | IceCv    | Reached XP level 13. HP: 52/106 MP: 13/13
 12628 | IceCv    | Noticed a reaper
 12642 | IceCv    | Killed a reaper
 12827 | D:11     | Reached skill level 10 in Dodging
 13163 | D:11     | Annihilated by an enormous slime creature

Illustrated notes

Levels and vault maps discovered:
D:1:      shiori_arrival_oz, layout_basic, ebering_dispersal_statue_hall,
          serial_bayou_pond_e, chequers_jeans
D:2:      layout_basic, basic_altar
D:3:      minmay_skewed_foursquare, layout_basic, mainiacjoe_overflow_24_doors,
          serial_shops, shop
D:4:      layout_cave_pools, nemelex_xobeh_ov_fountains_minmay, uniq_grinder
D:5:      layout_loops_ring, mainiacjoe_overflow_boulevard,
          nicolae_overflow_crystal_walls, minivault_19, uniq_prince_ribbit1
D:6:      layout_basic, mainiacjoe_overflow_six_doors_small,
          fedhas_bush_and_centaur_altar, lightli_minifort
D:7:      layout_basic, nicolae_overflow_hallway_of_the_gods,
          minmay_temple_entry_junction
D:8:      layout_basic, mainiacjoe_overflow_concentric_impassable,
          marbit_many_paths, slow_altar_1, mainiacjoe_overflow_catwalk,
          uniq_grum
D:9:      minmay_the_grid_plus_closed [minmay_the_grid_stretched_grid,
          minmay_the_grid_armoury, minmay_the_grid_gridbox,
          minmay_the_grid_rooms, minmay_the_grid_prize_diamond_cup],
          layout_rooms, mainiacjoe_overflow_paths, serial_aquarium,
          aquarium_bridge_square [aquarium_subvault_wall,
          aquarium_subvault_bridge, aquarium_subvault_bridge,
          aquarium_subvault_wall], aquarium_bridge_long_separate
          [aquarium_subvault_bridge, aquarium_subvault_wall,
          aquarium_subvault_bridge, aquarium_subvault_bridge,
          aquarium_subvault_balcony, aquarium_subvault_bridge],
          aquarium_window_2, aquarium_window_corridor_2, aquarium_window_2,
          aquarium_window_1, aquarium_view_2d, aquarium_view_2e,
          aquarium_balcony_5b, roderic_batcave
D:10:     layout_loops_corners, serial_shops, nicolae_stop_n_shop_2,
          ebering_ghost_gozag, minmay_crystal_room, minmay_chambers_of_fives,
          uniq_lodul, uniq_josephine, uniq_snorg
D:11:     layout_long_grid, david_orc_4, serial_ice, serial_ice_e, serial_ice_l,
          serial_ice_f, serial_ice_o, portal_ice_cave_entry_imps,
          minmay_dual_archer_statues

Skill      XL: |  1  2  3  4  5  6  7  8  9 10 11 12 13 |
---------------+----------------------------------------+-----
Long Blades    | 4 5 6 7 8 10 12 | 12.4
Fighting       | 5 6 10 11 12 | 12.0
Evocations     | 3 5 |  5.0
Dodging        | 5 8 9 10 | 10.3
Shields        | 4 5 |  5.0
Armour         | 5 |  5.0

Action                     |  1- 3 |  4- 6 |  7- 9 | 10-12 | 13-15 || total
---------------------------+-------+-------+-------+-------+-------++-------
  Melee: Falchion          |   108 |   113 |   133 |       |       ||   354
         Punch             |     1 |     2 |     3 |       |       ||     6
         Flail             |       |       |   126 |   555 |    70 ||   751
 Invoke: Berserk           |       |     3 |     3 |    10 |     2 ||    18
         Trog's Hand       |       |       |     1 |     3 |       ||     4
  Evoke: Wand              |       |       |       |     7 |       ||     7
    Use: Scroll            |     5 |       |     4 |     5 |       ||    14
         Potion            |       |       |     2 |       |       ||     2
   Stab: Sleeping          |     1 |       |     1 |       |       ||     2
         Paralysed         |       |       |       |     2 |       ||     2
         Invisible         |       |       |       |     1 |       ||     1
 Armour: Animal skin       |     6 |       |       |       |       ||     6
         Ring mail         |    28 |    32 |   104 |   145 |    20 ||   329
         Skin              |       |       |     1 |       |       ||     1
  Dodge: Dodged            |    67 |    63 |   183 |   548 |    70 ||   931
  Block: Buckler           |       |       |    54 |   298 |    37 ||   389

Table legend: (Time is in decaauts)
 A = Elapsed time spent in this place.
 B = Non-inter-level travel time spent in this place.
 C = Inter-level travel time spent in this place.
 D = Time resting spent in this place.
 E = Time spent auto-exploring this place.
 F = Levels seen in this place.
 G = Mean time per level.
                   A        B        C        D        E       F      G
               +--------+--------+--------+--------+--------+-----+--------+
         Total |  13618 |  13363 |    255 |   3848 |   6142 |  12 | 1134.8 |
       Dungeon |  12252 |  11997 |    255 |   3072 |   5957 |  11 | 1113.8 |
      Ice Cave |   1366 |   1366 |      0 |    776 |    185 |   1 | 1366.0 |
               +--------+--------+--------+--------+--------+-----+--------+

Top non-repeatable levels by time:
     D:9: 1627 daAuts
    D:10: 1488 daAuts
     D:5: 1479 daAuts
   IceCv: 1366 daAuts
     D:7: 1275 daAuts
     D:6: 1111 daAuts
     D:8: 1065 daAuts
     D:3: 985 daAuts
    D:11: 935 daAuts
     D:1: 846 daAuts
     D:2: 808 daAuts
     D:4: 629 daAuts
